Map: Artosis' Pylon Show Micro Map 2021

Players

Lambo - Winner!

  • Race: Zerg Zerg

PiLiPiLi

  • Race: Protoss Protoss

Event: DreamHack SC2 Masters 2022 Atlanta (Offline)

VOD

Have the link to the VOD?

Description

Time

  • Played on: Nov. 20, 2022, 3:53 p.m.
  • Length: 11:20
Show
View Real Time Build Order
Export as new Build Order

Lambo Zerg - Winner!

Build Orders: Zergling Baneling 

Get SALT Encoding   

  1  0:00  Stimpack x2  
  8  0:08  Zergling x13  
  6  0:38  Marine x9  
  6  0:49  Zergling x4  
  4  0:50  Adept x3  
  4  0:52  Baneling x8  
  6  1:17  Blink  
  6  1:49  Blink  
  2  2:24  Widow Mine x2  
  2  2:27  Marine x4  
  2  2:48  Stalker x8  
  16  3:20  Stalker x9  
  16  3:23  Metabolic Boost  
  16  3:34  Metabolic Boost  
  6  3:54  Hellion x4  
  8  4:21  Reaper x3  
  8  4:25  Zergling x20  
  6  4:32  Hellion x2  
  10  4:50  Reaper x3  
  7  5:01  Hellion x2  
  7  5:02  Gravitic Drive  
  7  5:20  Immortal  
  2  5:23  Warp Prism  
  7  5:29  Stalker x2  
  10  6:24  Mutalisk  
  10  6:29  Roach x8  
  10  6:35  Gravitic Drive  
  10  6:51  Blink  
  16  7:03  Viper  
  16  7:08  Hydralisk x8  
  16  7:12  Charge  
  14  7:20  Siege Tank x2  
  14  7:22  Medivac  
  4  7:32  Warp Prism  
  4  7:33  Psionic Storm  
  4  7:34  Marine x8  
  19  7:38  Stalker x4  
  15  7:52  Blink  
  14  7:58  Cyclone x3  
  14  8:00  Medivac  
  10  8:13  Charge, Immortal, High Templar x3  
  10  8:16  Disruptor x2, Warp Prism, Colossus x2  
  10  8:22  Stalker x10  
  10  8:25  Zealot x15  
  10  8:26  Sentry x3  
  11  8:34  Psionic Storm  
  11  8:43  Archon x2  
  82  9:08  Stimpack  
  82  9:14  Immortal, High Templar x3  
  82  9:17  Disruptor x2, Warp Prism  
  82  9:23  Stalker x10  
  80  9:26  Zealot x15  
  80  9:27  Sentry x3  
  80  9:29  Combat Shield, Chitinous Plating  
  80  9:31  Stalker x4  
  62  9:36  Phoenix  
  62  9:37  Muscular Augments x2  
  30  9:44  Archon x2  
  82  10:05  Anabolic Synthesis, Raven  
  80  10:09  Ultralisk, High Templar x2  
  71  10:18  Medivac  
  71  10:24  Hydralisk x4  
  56  10:30  Marine x8  
Show
View Real Time Build Order
Export as new Build Order

PiLiPiLi Protoss 

Build Orders: Blink Stalkers 

Get SALT Encoding   

  6  0:00  Zealot x3, Stimpack x2  
  6  0:13  Probe x2  
  8  0:39  Zergling x4  
  8  0:42  Baneling x8  
  8  0:48  Marine x9  
  6  0:59  Widow Mine x2  
  6  1:02  Marine x4  
  8  1:49  Blink  
  7  2:14  Blink  
  7  2:15  Adept x3  
  2  2:48  Stalker x9  
  6  2:56  Metabolic Boost  
  18  3:20  Stalker x8  
  14  3:34  Metabolic Boost  
  16  3:58  Zergling x20  
  10  4:21  Reaper x3, Hellion x4  
  5  4:32  Hellion x2  
  8  4:50  Reaper x3  
  7  5:01  Hellion x2  
  7  5:02  Gravitic Drive  
  7  5:35  Mutalisk  
  7  5:40  Roach x8  
  18  6:09  Immortal  
  16  6:12  Warp Prism  
  16  6:18  Stalker x2  
  12  6:35  Gravitic Drive  
  2  6:51  Blink  
  10  7:00  Siege Tank x2  
  10  7:02  Medivac  
  10  7:12  Charge  
  10  7:14  Marine x8  
  8  7:23  Viper  
  8  7:28  Hydralisk x8  
  8  7:33  Psionic Storm  
  8  7:36  Cyclone x3  
  16  7:38  Medivac  
  3  7:52  Blink  
  3  7:54  Warp Prism  
  19  8:00  Stalker x4  
  11  8:13  Charge, Immortal, High Templar x3  
  11  8:16  Disruptor x2, Warp Prism  
  11  8:22  Stalker x10  
  11  8:25  Zealot x15  
  11  8:26  Sentry x3  
  10  8:34  Psionic Storm  
  8  8:43  Archon x2  
  82  9:08  Stimpack  
  82  9:14  Immortal, High Templar x3  
  80  9:17  Disruptor x2, Warp Prism  
  80  9:23  Stalker x10  
  80  9:26  Zealot x15  
  80  9:27  Sentry x3, Archon  
  80  9:29  Combat Shield, Chitinous Plating  
  60  9:37  Muscular Augments x2  
  44  9:44  Archon x2  
  82  10:04  Archon  
  82  10:05  Anabolic Synthesis, Raven  
  80  10:09  Ultralisk, High Templar x2  
  80  10:18  Medivac  
  78  10:24  Hydralisk x4  
  62  10:30  Marine x8  
Tags
 
Add a new tag
Caveats
  • Supply blocks, unpowered buildings, or Contaminate may cause inaccurate times.
  • Supply counts are checked every 10 seconds.